 Dungeon Sprint DCSS version 0.17-a0-1646-geb1493d (webtiles) character file.

2363 Kidiri the Covert (level 9, -10/36 (39) HPs)
             Began as a Spriggan Enchanter on Aug 11, 2015.
             Was an Elder of Dithmenos.
             Mangled by an orc warrior
             ... wielding a cursed -2 short sword
              (27 damage)
             ... in the Dungeon (Sprint III: "The Ten Rune Challenge").
             The game lasted 00:08:08 (1634 turns).

Kidiri the Covert (Spriggan Enchanter)              Turns: 1634, Time: 00:08:08

HP:   -10/36 (39)   AC:  5    Str:  2    XL:     9   Next: 21%
MP:   3/25          EV: 29    Int: 18    God:    Dithmenos [****..]
Gold: 40            SH:  0    Dex: 18    Spells: 9 memorised, 6 levels left

rFire  . . .     SeeInvis +     c - +1 dagger (venom)
rCold  . . .     Clarity  .     b - +1 robe
rNeg   . . .     SustAt   .     (shield restricted)
rPois  .         Gourm    .     (helmet restricted)
rElec  .         Spirit   .     (no cloak)
rCorr  .         Warding  .     (gloves unavailable)
rMut   .         NoTele   +     (boots unavailable)
MR     +....                    (no amulet)
Stlth  +++++++++.               (no ring)
                                (no ring)

@: wreathed by umbra, very quick, somewhat resistant to hostile enchantments,
incredibly stealthy
A: unfitting armour, thin metallic scales 1, see invisible, herbivore 3, speed
3, slow healing 1, slow metabolism 2, weak 1
a: Shadow Step, Renounce Religion


You were in the Dungeon.
You worshipped Dithmenos.
Dithmenos was greatly pleased with you.
You were not hungry.

You visited 1 branch You collected 40 gold pieces.

Inventory:

Hand weapons
 c - a +1 dagger of venom (weapon)
Armour
 b - a +1 robe (worn)
Scrolls
 j - a scroll of blinking
 n - 4 scrolls of remove curse
 r - a scroll of holy word {unknown}
Potions
 f - 2 potions of heal wounds
 g - 2 potions of haste
 h - 2 potions of magic
 i - 2 potions of berserk rage
 p - 2 potions of cure mutation
 q - 4 potions of flight
Books
 k - a book of Party Tricks

   Spells                             Type                      Level
   a - Summon Butterflies             Summoning                    1
   b - Apportation                    Translocation                1
   c - Tukima's Dance                 Hexes                        3
   d - Alistair's Intoxication        Transmutation/Poison         4
   e - Invisibility                   Hexes                        6
Comestibles
 d - a bread ration
 o - 3 royal jellies


   Skills:
 + Level 6.9 Short Blades
 * Level 12.6 Dodging
 * Level 13.9 Stealth
 * Level 11.0 Spellcasting
 + Level 4.1 Conjurations
 + Level 8.3 Hexes
 + Level 3.0 Summonings
 + Level 5.4 Translocations
 + Level 3.4 Transmutations
 + Level 4.6 Ice Magic
 + Level 2.4 Poison Magic
 + Level 4.4 Invocations


You had 6 spell levels left.
You knew the following spells:

 Your Spells              Type           Power        Failure   Level  Hunger
a - Corona                Hex            #####..      1%          1    None
b - Ensorcelled Hibernat  Hex/Ice        ####..       1%          2    None
c - Confuse               Hex            #####...     1%          3    None
d - Tukima's Dance        Hex            #####...     1%          3    None
e - Dazzling Spray        Conj/Hex       ####....     1%          3    None
f - Apportation           Tloc           ####......   1%          1    None
g - Summon Butterflies    Summ           ###.....     1%          1    None
h - Invisibility          Hex            #####...     38%         6    ######.
i - Alistair's Intoxicat  Trmt/Pois      ###.....     24%         4    ##.....


Dungeon Overview and Level Annotations

Branches:
Dungeon (1/1)

Altars:
Cheibriados
Dithmenos
Elyvilon
Fedhas
Gozag
Kikubaaqudgha
Makhleb
Nemelex Xobeh
Okawaru
Qazlal
Ru
Sif Muna
Trog
Vehumet
Xom
Yredelemnul
Zin
The Shining One
Jiyva
Lugonu


Innate Abilities, Weirdness & Mutations

You are tiny and cannot use many weapons and most armour.
You have supernaturally acute eyesight.
You are a herbivore.
You cover ground extremely quickly.
You need consume almost no food.
You are partially covered in thin metallic scales (AC +2).
You heal slowly when monsters are visible.
You are weak. (Str -2)


Message History

Aiming: Ensorcelled Hibernation
Press: ? - help, Shift-Dir - straight line, f/p - orc warrior
Aim: an orc warrior, wielding a short sword and wearing a plate armour (poisoned, consumed by blood-lust, umbra, chance to defeat MR: 62%)
The orc warrior resists with significant effort.
The orc warrior hits you with a short sword!!
Ouch! That really hurt!
You emit a cloud of dark smoke.
Unknown command.
The orc warrior closely misses you.
Casting: Ensorcelled Hibernation
Confirm with . or Enter, or press ? or * to list all spells.
Aiming: Dazzling Spray
Press: ? - help, Shift-Dir - straight line, f/p - orc warrior
Aim: an orc warrior, wielding a short sword and wearing a plate armour (black smoke, lightly wounded, poisoned, consumed by blood-lust, umbra)
The spray of energy hits the orc warrior.
The orc warrior is lightly wounded.
The orc warrior is dazzled.
The orc warrior hits you with a short sword!!
Ouch! That really hurt!
You die...

#.############ ##
..#___#__[#__####$#
..#)..#..)#[_#$$.o
..###+#+###'##$oo
..#..........#o)
..'.⌠........#o#
..#...######'#§#
..#.⌠.#__#...#o##############
..#...#__#...#§o@.#.#.#)....#
..#+###__#...##§#§.#.##.###.#
..#)):#__#...'##§#.#.##.#).##
..#___#_?+...#...#..#..##.)+
▓▓▓▓▓▓▓▓▓▓▓▓▓▓▓▓▓▓▓▓▓▓▓▓▓▓▓#


You could see an orc knight and an orc warrior (frenzied).

Vanquished Creatures
  Erolcha (D)
  A deep elf priest (D)
  A shadow (D)
  A spatial vortex (D)
  2 hill giants (D)
  A necrophage (D)
  3 two-headed ogres (D)
  A water elemental (D)
  A scorpion (D)
  A jelly (D)
  A necromancer (D)
  A wizard (D)
  Jessica (D)
  3 humans (D)
  A kobold demonologist (D)
  2 orcs (D)
  A giant newt (D)
  3 rats (D)
26 creatures vanquished.

Vanquished Creatures (others)
  2 draconian scorchers (D)
  3 yaktaurs (D)
  3 plants (D)
8 creatures vanquished.

Grand Total: 34 creatures vanquished

Notes
Turn   | Place    | Note
--------------------------------------------------------------
     0 | D        | Kidiri the Spriggan Enchanter began the quest for the Orb.
     0 | D        | Reached XP level 1. HP: 9/9 MP: 5/5
    29 | D        | Noticed Jessica
    38 | D        | Killed Jessica
    38 | D        | Reached skill level 5 in Dodging
    38 | D        | Reached skill level 6 in Stealth
    38 | D        | Reached XP level 2. HP: 1/13 MP: 5/8
    42 | D        | Learned a level 2 spell: Ensorcelled Hibernation
   117 | D        | Killed a yaktaur
   170 | D        | Killed a yaktaur
   219 | D        | Killed a white draconian scorcher
   250 | D        | Killed a white draconian scorcher
   451 | D        | Noticed a scorpion
   454 | D        | Killed a scorpion
   454 | D        | Reached skill level 7 in Stealth
   454 | D        | Reached skill level 5 in Spellcasting
   454 | D        | Reached skill level 1 in Ice Magic
   454 | D        | Reached XP level 3. HP: 16/16 MP: 8/10
   454 | D        | Reached XP level 4. HP: 21/21 MP: 9/12
   470 | D        | Learned a level 3 spell: Confuse
   474 | D        | Learned a level 3 spell: Tukima's Dance
   478 | D        | Learned a level 3 spell: Dazzling Spray
   491 | D        | Reached skill level 5 in Hexes
   515 | D        | Gained mutation: You heal slowly when monsters are visible. [potion of mutation]
   515 | D        | Gained mutation: You are partially covered in thin metallic scales (AC +2). [potion of mutation]
   515 | D        | Gained mutation: You are weak. (Str -2) [potion of mutation]
   516 | D        | Gained mutation: Armour fits poorly on your strangely shaped body. [potion of mutation]
   516 | D        | Lost mutation: Armour fits poorly on your strangely shaped body. [potion of mutation]
   526 | D        | Noticed a water elemental
   529 | D        | Killed a water elemental
   529 | D        | Reached skill level 8 in Stealth
   529 | D        | Reached skill level 1 in Conjurations
   529 | D        | Reached XP level 5. HP: 24/24 MP: 12/14
   538 | D        | Noticed a jelly
   539 | D        | Noticed a shadow
   541 | D        | Killed a shadow
   541 | D        | Reached skill level 9 in Dodging
   541 | D        | Reached skill level 10 in Stealth
   541 | D        | Reached XP level 6. HP: 28/28 MP: 13/17
   545 | D        | Killed a jelly
   554 | D        | Found a stormy altar of Qazlal.
   554 | D        | Found a sacrificial altar of Ru.
   554 | D        | Found a burning altar of Makhleb.
   554 | D        | Found a shimmering altar of Xom.
   554 | D        | Noticed a spatial vortex
   555 | D        | Found a viscous altar of Jiyva.
   555 | D        | Found a shadowy altar of Dithmenos.
   555 | D        | Found a sparkling altar of Nemelex Xobeh.
   555 | D        | Found a corrupted altar of Lugonu.
   555 | D        | Found an opulent altar of Gozag.
   560 | D        | Became a worshipper of Dithmenos the Shadowed
   562 | D        | Killed a spatial vortex
   562 | D        | Reached skill level 5 in Short Blades
   562 | D        | Reached skill level 11 in Stealth
   562 | D        | Reached skill level 1 in Invocations
   625 | D        | Found a radiant altar of Vehumet.
   626 | D        | Found a deep blue altar of Sif Muna.
   626 | D        | Found an ancient bone altar of Kikubaaqudgha.
   626 | D        | Noticed a wizard
   630 | D        | Killed a wizard
   630 | D        | Reached skill level 10 in Dodging
   645 | D        | Learned a level 1 spell: Apportation
   647 | D        | Learned a level 1 spell: Summon Butterflies
   654 | D        | Learned a level 6 spell: Invisibility
   824 | D        | Found a glowing silver altar of Zin.
   825 | D        | Found a glowing golden altar of the Shining One.
   825 | D        | Found a white marble altar of Elyvilon.
   825 | D        | Noticed a deep elf priest
   827 | D        | Killed a deep elf priest
   827 | D        | Reached skill level 1 in Summonings
   827 | D        | Reached XP level 7. HP: 32/32 MP: 18/20
   842 | D        | Found an iron altar of Okawaru.
   842 | D        | Found a bloodstained altar of Trog.
   842 | D        | Noticed a human
   843 | D        | Noticed a human
   847 | D        | Killed a human
   847 | D        | Reached skill level 12 in Stealth
   851 | D        | Killed a human
   851 | D        | Acquired Dithmenos's first power
   851 | D        | Reached XP level 8. HP: 21/36 MP: 10/22
   856 | D        | Killed a yaktaur
  1038 | D        | Found a basalt altar of Yredelemnul.
  1038 | D        | Found a snail-covered altar of Cheibriados.
  1038 | D        | Found a blossoming altar of Fedhas.
  1038 | D        | Noticed a necrophage
  1038 | D        | Noticed a necromancer
  1056 | D        | Killed a necromancer
  1079 | D        | Killed a necrophage
  1424 | D        | Learned a level 4 spell: Alistair's Intoxication
  1426 | D        | Noticed a two-headed ogre
  1426 | D        | Noticed a two-headed ogre
  1428 | D        | Noticed a two-headed ogre
  1430 | D        | Killed a two-headed ogre
  1435 | D        | Killed a two-headed ogre
  1435 | D        | Acquired Dithmenos's second power
  1435 | D        | Reached skill level 10 in Spellcasting
  1435 | D        | Reached skill level 1 in Transmutations
  1438 | D        | Killed a two-headed ogre
  1479 | D        | Noticed a hill giant
  1482 | D        | Killed a hill giant
  1482 | D        | Reached skill level 13 in Stealth
  1482 | D        | Reached skill level 1 in Poison Magic
  1544 | D        | Noticed a hill giant
  1544 | D        | Noticed Erolcha
  1546 | D        | Killed Erolcha
  1546 | D        | Reached skill level 5 in Translocations
  1546 | D        | Reached XP level 9. HP: 36/36 MP: 24/24
  1547 | D        | Killed a hill giant
  1612 | D        | Noticed an orc sorcerer
  1612 | D        | Noticed an orc knight
  1613 | D        | Noticed an orc warrior
  1613 | D        | Noticed an orc warrior
  1615 | D        | Acquired Dithmenos's third power
  1617 | D        | Noticed an orc knight
  1617 | D        | Noticed an orc priest
  1618 | D        | Noticed an orc wizard
  1634 | D        | Mangled by an orc warrior

Vault maps used:
D:        dungeon_sprint_mu

Action                   |  1- 3 |  4- 6 |  7- 9 || total
-------------------------+-------+-------+-------++-------
Melee: Dagger            |    17 |    10 |    42 ||    69
 Cast: Corona            |     1 |       |       ||     1
       Ensorcelled Hiber |       |     4 |     9 ||    13
       Dazzling Spray    |       |     4 |     9 ||    13
       Confuse           |       |       |     5 ||     5
  Use: Scroll            |       |     3 |       ||     3
       Potion            |       |     2 |     1 ||     3
 Stab: Sleeping          |     2 |     6 |     6 ||    14
       Invisible         |       |       |     2 ||     2
       Confused          |       |       |     1 ||     1
